 Dungeon Crawl Stone Soup version 0.23.1 (webtiles) character file.

Game seed: 558199532709455116

22574 Inchmeat the Basher (level 13, -1/88 HPs)
             Began as a Gargoyle Monk on Mar 11, 2019.
             Was a High Priest of the Shining One.
             Slain by a large slime creature (4 damage)
             ... on level 14 of the Dungeon.
             The game lasted 00:30:08 (13582 turns).

Inchmeat the Basher (Gargoyle Monk)                Turns: 13582, Time: 00:30:08

Health: -1/88      AC: 21    Str: 18    XL:     13   Next: 1%
Magic:  19/19      EV: 10    Int: 13    God:    the Shining One [*****.]
Gold:   631        SH:  0    Dex: 16    Spells: 7/12 levels left

rFire    + + +     SeeInvis .   w - +7 great mace "Firestarter" {inner flame, rF++}
rCold    . . .     Gourm    .   (shield currently unavailable)
rNeg     + + +     Faith    .   e - +0 fire dragon scales
rPois    ∞         Spirit   .   Q - +2 helmet
rElec    +         Reflect  .   (no cloak)
rCorr    +         Harm     .   k - +0 pair of gloves
MR       .....                  (no boots)
Stlth    ..........             H - amulet of regeneration
HPRegen  0.64/turn              U - ring "Uzxin" {rCorr Dex+4}
MPRegen  0.16/turn              P - ring of protection from cold

@: glowing
A: negative energy resistance 1, electricity resistance, unbreathing,
petrification resistance, rot immunity, AC +9
a: Divine Shield, Cleansing Flame, Summon Divine Warrior, Renounce Religion


You were on level 14 of the Dungeon.
You worshipped the Shining One.
The Shining One was extremely pleased with you.
You were hungry.

You visited 1 branch of the dungeon, and saw 14 of its levels.
You also visited: Sewer.

You collected 930 gold pieces.
You spent 299 gold pieces at shops.

Inventory:

Hand Weapons
 l - a +0 flail of holy wrath
 t - a +2 whip of electrocution
 v - a +2 flail of freezing
 w - the +7 great mace "Firestarter" (weapon) {inner flame, rF++}
   (You found it on level 11 of the Dungeon)

   It has been specially enchanted to burn those struck by it, causing extra
   injury to most foes and up to half again as much damage against particularly
   susceptible opponents.
   It greatly protects you from fire.
 M - a +4 falchion of freezing
 W - the +0 mace "Dakoriaxke" {crush, +Fly rN+++ Int+7}
   (You found it on level 10 of the Dungeon)

   It inflicts extra damage upon your enemies.
   It affects your intelligence (+7).
   It renders you almost immune to negative energy.
   It lets you fly.
Missiles
 j - 2 throwing nets (quivered)
 C - 412 stones
Armour
 e - +0 fire dragon scales (worn)
 k - a +0 pair of gloves (worn)
 y - a +3 buckler
 Q - a +2 helmet (worn)
Magical Staves
 D - an uncursed staff of fire
 K - an uncursed staff of energy {unknown}
Jewellery
 r - an uncursed ring of fire
 H - an amulet of regeneration (around neck)
 I - an uncursed ring of ice
 N - an uncursed ring of protection from fire
 P - a ring of protection from cold (right hand)
 U - the ring "Uzxin" (left hand) {rCorr Dex+4}
   (You found it on level 12 of the Dungeon)

   [ring of resist corrosion]

   It affects your dexterity (+4).
Wands
 x - a wand of acid (6)
 z - a wand of iceblast (18)
 F - a wand of flame (46)
 O - a wand of digging (3)
 Y - a wand of scattershot (3)
Scrolls
 f - 8 scrolls of teleportation
 m - 3 scrolls of remove curse {@r2}
 B - 2 scrolls of enchant armour
 E - 5 scrolls of blinking
 G - a scroll of fear
 J - 2 scrolls of fog
 L - a scroll of silence
 R - a scroll of identify {@r1}
 T - a scroll of magic mapping
Potions
 a - a potion of berserk rage
 d - 6 potions of curing {@q1}
 g - 5 potions of lignification
 h - 3 potions of heal wounds
 i - 3 potions of flight
 n - 4 potions of cancellation
 o - 2 potions of mutation {!q}
 p - a potion of invisibility
 q - 2 potions of ambrosia
 s - 3 potions of resistance
 u - a potion of magic
 A - 2 potions of haste
 S - 3 potions of agility {unknown}
 V - a potion of might
Miscellaneous
 X - a phial of floods
Comestibles
 c - 36 rations


   Skills:
 + Level 13.5 Fighting
 * Level 14.8 Maces & Flails
 - Level 2.4 Dodging
 - Level 2.1 Stealth
 - Level 4.1 Shields
 + Level 8.2 Invocations


You had 7 spell levels left.
You knew the following spells:

 Your Spells              Type           Power        Failure   Level  Hunger
a - Blink                 Tloc           N/A          90%         2    ###....
b - Mephitic Cloud        Conj/Pois/Air  #.......     99%         3    ####...

Your spell library contained the following spells:

 Spells                   Type           Power        Failure   Level  Hunger
 Animate Skeleton         Necr           N/A          80%         1    ##.....
 Apportation              Tloc           #.....       80%         1    ##.....
 Confusing Touch          Hex            #.....       80%         1    ##.....
 Corona                   Hex            #......      80%         1    ##.....
 Flame Tongue             Conj/Fire      #....        80%         1    ##.....
 Freeze                   Ice            #...         80%         1    ##.....
 Magic Dart               Conj           #...         80%         1    ##.....
 Summon Butterflies       Summ           #.......     80%         1    ##.....
 Summon Small Mammal      Summ           #...         80%         1    ##.....
 Call Imp                 Summ           #.......     90%         2    ###....
 Ensorcelled Hibernation  Hex/Ice        #.....       90%         2    ###....
 Slow                     Hex            #.......     90%         2    ###....
 Throw Flame              Conj/Fire      #.....       90%         2    ###....
 Throw Frost              Conj/Ice       #.....       90%         2    ###....
 Confuse                  Hex            #.......     99%         3    ####...
 Conjure Flame            Conj/Fire      #.......     99%         3    ####...
 Dazzling Spray           Conj/Hex       #.....       99%         3    ####...
 Gell's Gravitas          Tloc           #.........   99%         3    ####...
 Ignite Poison            Fire/Tmut/Pois #.......     99%         3    ####...
 Inner Flame              Hex/Fire       #.......     99%         3    ####...
 Lesser Beckoning         Tloc           #.........   99%         3    ####...
 Ozocubu's Armour         Chrm/Ice       #.......     99%         3    ####...
 Tukima's Dance           Hex            #.......     99%         3    ####...
 Petrify                  Tmut/Erth      #.......     100%        4    #####..
 Sticky Flame             Conj/Fire      #.......     100%        4    #####..
 Summon Ice Beast         Ice/Summ       #.......     100%        4    #####..
 Throw Icicle             Conj/Ice       #.......     100%        4    #####..
 Alistair's Intoxication  Tmut/Pois      #.......     100%        5    ######.
 Fireball                 Conj/Fire      #.........   100%        5    ######.
 Irradiate                Conj/Tmut      #.........   100%        5    ######.
 Metabolic Englaciation   Hex/Ice        #.........   100%        5    ######.
 Yara's Violent Unravell  Hex/Tmut       #.........   100%        5    ######.
 Invisibility             Hex            #.......     100%        6    #######
 Sublimation of Blood     Necr           Unusable     N/A         2    N/A

Dungeon Overview and Level Annotations

Branches:
Dungeon (14/15)            Temple (0/1) D:4            Lair (0/6) D:11
    Orc (0/2) D:12         Vaults (0/5) D:13

Altars:
Ashenzari
Cheibriados
Dithmenos
Elyvilon
Fedhas
Hepliaklqana
Kikubaaqudgha
Makhleb
Nemelex Xobeh
Okawaru
Trog
Uskayaw
Vehumet
Xom
The Shining One

Shops:
D:8 }=*?%   D:9 :


Innate Abilities, Weirdness & Mutations

You are resistant to torment.
Your stone body is resilient. (AC +9)
You are immune to poison.
You resist negative energy. (rN+)
You are resistant to electric shocks. (rElec)
You can survive without breathing.
You are immune to petrification.
You are immune to rotting.


Message History

Ye haf reached level 13!
Ye be filled wit' an inner flame. w - tha +7 great mace "Firestarter" (weapon)
{inner flame, rF++} Unknown command.
Ye thump tha large slime creature!
Ye burn tha large slime creature.
Tha large slime creature be filled wit' an inner flame.
Tha large slime creature be lightly wounded.
Tha large slime creature barely misses ye.
Ye bludgeon tha large slime creature!!
Ye burn tha large slime creature!
Tha large slime creature be heavily wounded.
Tha large slime creature hits ye!!
* * * LOW HITPOINT WARNIN'
* * * Ye hit tha large slime creature.
Ye burn tha large slime creature.
Tha large slime creature be heavily wounded.
Tha large slime creature hits ye!
* * * LOW HITPOINT WARNIN'
* * * Ye bludgeon tha large slime creature!!
Ye burn tha large slime creature!
Tha large slime creature be severely wounded.
Tha large slime creature hits ye.
Ye die...

. . .## #.#
#.# #<# #.#
#@# #J# #
#######c##.#
#......J...#
#.#####.####
#..<..?#
#.#.#..# #
#....#
#.#....


You could see a large slime creature (inner flame), a slime creature and a
centaur warrior.

Vanquished Creatures
  A fire dragon (D:11)
  4 vault guards (D:13)
  2 hydras
  A tengu warrior (D:14)
  4 two-headed ogres
  An unseen horror (D:13)
  A deep elf mage (D:13)
  2 centaur zombies (D:13)
  An ugly thing (D:13)
  An efreet (D:13)
  2 tengu conjurers
  2 meliai (D:13)
  A queen bee (D:9)
  6 trolls
  A hornet (D:9)
  Grinder (D:3)
  2 hippogriffs
  A shadow (D:13)
  6 yaks (D:9)
  A vampire (D:11)
  Eustachio (D:4)
  5 wyverns
  A steam dragon (D:11)
  5 fire bats (D:11)
  3 hungry ghosts
  3 orc warriors
  Purgy (Sewer)
  3 phantoms
  2 necrophages
  5 centaurs
  2 eyes of draining
  2 ice beasts
  5 ogres
  4 crocodiles
  Blork the orc (D:6)
  2 big kobolds (D:11)
  4 bullfrogs
  6 scorpions
  14 killer bees (D:9)
  13 wights
  8 howler monkeys
  4 crimson imps
  A bullfrog zombie (D:6)
  A quasit (D:13)
  A bullfrog skeleton (D:9)
  10 hounds
  6 orc priests
  2 jellies
  11 orc wizards
  Ijyb (D:3)
  An iguana (D:5)
  15 worker ants
  A killer bee zombie (D:9)
  3 hound zombies
  A human simulacrum (D:13)
  A hound skeleton (D:9)
  A howler monkey zombie (D:11)
  3 worker ant zombies
  13 gnolls
  17 adders
  2 shadow imps
  A white imp (D:5)
  An ooze (D:2)
  2 adder zombies
  2 worms
  A dart slug (D:1)
  3 leopard geckos
  44 orcs
  9 bats
  4 giant cockroaches
  10 goblins
  8 hobgoblins
  10 jackals
  8 kobolds
  2 quokkas
  4 frilled lizards
  A goblin skeleton (D:5)
  2 goblin zombies (D:5)
  2 hobgoblin zombies (D:5)
  A kobold skeleton (D:5)
  2 orc skeletons (D:5)
  A quokka zombie (D:7)
  10 rats
354 creatures vanquished.

Vanquished Creatures (others)
  A meliai (D:13)
  A human simulacrum (D:13)
2 creatures vanquished.

Grand Total: 356 creatures vanquished

Notes
Turn   | Place    | Note
-------+----------+-------------------------------------------
     0 | D:1      | Inchmeat the Gargoyle Monk began the quest for the Orb.
     0 | D:1      | Reached XP level 1. HP: 14/14 MP: 1/1
    57 | D:1      | Reached XP level 2. HP: 19/19 MP: 2/2
   390 | D:1      | Reached skill level 4 in Maces & Flails
   413 | D:1      | Reached XP level 3. HP: 21/23 MP: 3/3
  1151 | D:2      | Found an ancient bone altar of Kikubaaqudgha.
  1266 | D:2      | Reached XP level 4. HP: 25/28 MP: 4/4
  1372 | D:2      | Found a faded altar of an unknown god.
  1439 | D:2      | Reached skill level 5 in Maces & Flails
  1774 | D:2      | Found a shimmering altar of Xom.
  1774 | D:2      | Found a snail-covered altar of Cheibriados.
  1888 | D:2      | Reached XP level 5. HP: 19/32 MP: 5/5
  2271 | D:3      | Noticed Ijyb
  2294 | D:3      | Killed Ijyb
  2364 | D:3      | Found a radiant altar of Vehumet.
  2369 | D:3      | Noticed Grinder
  2376 | D:3      | Paralysed by Grinder for 7 turns
  2391 | D:3      | Killed Grinder
  2391 | D:3      | Reached skill level 7 in Maces & Flails
  2391 | D:3      | Reached XP level 6. HP: 13/37 MP: 6/6
  2731 | D:3      | Found an iron altar of Okawaru.
  2994 | D:4      | You fall through a shaft for 3 floors!
  3025 | D:7      | Reached skill level 1 in Shields
  3025 | D:7      | Reached XP level 7. HP: 34/41 MP: 7/7
  3233 | D:7      | Reached skill level 8 in Maces & Flails
  3639 | D:7      | Reached XP level 8. HP: 18/46 MP: 8/8
  3859 | D:7      | Noticed a hippogriff
  3898 | D:7      | Killed a hippogriff
  3898 | D:7      | Reached skill level 9 in Maces & Flails
  4448 | D:5      | Entered Level 5 of the Dungeon
  4499 | D:5      | Found a glowing golden altar of the Shining One.
  4518 | D:5      | Became a worshipper of the Shining One
  4518 | D:5      | Reached * piety under the Shining One
  4518 | D:5      | Reached ** piety under the Shining One
  4809 | D:5      | Found a hazy altar of Hepliaklqana.
  4844 | D:5      | Reached skill level 1 in Invocations
  4925 | D:5      | Found a glowing drain.
  4935 | Sewer    | Entered a sewer
  4987 | Sewer    | Noticed Purgy
  4997 | Sewer    | Killed Purgy
  4997 | Sewer    | Reached skill level 10 in Maces & Flails
  5264 | D:5      | Found a hide-covered altar of Uskayaw.
  5395 | D:4      | Found a sparkling altar of Nemelex Xobeh.
  5412 | D:4      | Found a staircase to the Ecumenical Temple.
  5417 | D:4      | Reached XP level 9. HP: 51/51 MP: 10/10
  5552 | D:4      | Noticed Eustachio
  5571 | D:4      | Killed Eustachio
  5571 | D:4      | Reached skill level 11 in Maces & Flails
  6566 | D:6      | Noticed Blork the orc
  6571 | D:6      | Killed Blork the orc
  6877 | D:7      | Noticed a two-headed ogre
  6898 | D:7      | Killed a two-headed ogre
  6898 | D:7      | Reached skill level 12 in Maces & Flails
  7031 | D:7      | Found a shattered altar of Ashenzari.
  7069 | D:7      | Reached *** piety under the Shining One
  7105 | D:7      | Found a burning altar of Makhleb.
  8025 | D:8      | Found Ickery's Gadget Emporium.
  8029 | D:8      | Reached XP level 10. HP: 56/56 MP: 11/11
  8091 | D:8      | Found Quonuac's Food Shop.
  8099 | D:8      | Found Qeix's Assorted Antiques.
  8107 | D:8      | Bought a scroll of teleportation for 78 gold pieces
  8107 | D:8      | Bought a scroll labeled IVAACI SUERIWN for 26 gold pieces
  8107 | D:8      | Bought an emerald potion for 23 gold pieces
  8107 | D:8      | Bought a scroll labeled GAIMARA UTWE for 26 gold pieces
  8114 | D:8      | Reached skill level 13 in Maces & Flails
  8130 | D:8      | Bought a scroll labeled COERUO GAUFESI for 26 gold pieces
  8276 | D:8      | Noticed a two-headed ogre
  8290 | D:8      | Killed a two-headed ogre
  8388 | D:8      | Found Wyodi's Jewellery Shop.
  8448 | D:8      | Found Ceivahej's Magic Scroll Shop.
  8455 | D:8      | Found a blossoming altar of Fedhas.
  8477 | D:8      | Bought 3 scrolls of identify for 90 gold pieces
  8477 | D:8      | Bought a scroll of identify for 30 gold pieces
  8889 | D:9      | Reached skill level 14 in Maces & Flails
  9008 | D:9      | Reached **** piety under the Shining One
  9036 | D:9      | Reached skill level 5 in Fighting
  9241 | D:9      | Found a shadowy altar of Dithmenos.
  9497 | D:9      | Reached XP level 11. HP: 62/68 MP: 12/12
  9709 | D:9      | Found Ifonill's Book Shop.
  9791 | D:9      | Found a white marble altar of Elyvilon.
  9935 | D:9      | Found a bloodstained altar of Trog.
 10103 | D:10     | Entered Level 10 of the Dungeon
 10143 | D:10     | Reached ***** piety under the Shining One
 10238 | D:10     | Noticed a two-headed ogre
 10256 | D:10     | Killed a two-headed ogre
 10494 | D:10     | Reached skill level 10 in Fighting
 10654 | D:11     | Noticed a two-headed ogre
 10667 | D:11     | Killed a two-headed ogre
 10787 | D:11     | Noticed a fire dragon
 10788 | D:11     | Found the +7 great mace "Firestarter" {inner flame, rF++}
 10799 | D:11     | Killed a fire dragon
 10799 | D:11     | Reached skill level 5 in Invocations
 10910 | D:11     | Noticed an eight-headed hydra
 10918 | D:11     | Killed an eight-headed hydra
 10918 | D:11     | Reached XP level 12. HP: 44/80 MP: 16/16
 11239 | D:11     | Learned a level 2 spell: Blink
 11243 | D:11     | Learned a level 3 spell: Mephitic Cloud
 11555 | D:11     | Found a staircase to the Lair.
 12120 | D:12     | Found a shadowy altar of Dithmenos.
 12133 | D:12     | Found a staircase to the Orcish Mines.
 12473 | D:12     | Got a vibrating lapis lazuli ring
 12475 | D:12     | Identified the ring "Uzxin" {rCorr Dex+4} (You found it on
                  | level 12 of the Dungeon)
 12554 | D:13     | Found a gate to the Vaults.
 12554 | D:13     | Noticed a vault guard
 12554 | D:13     | Noticed a vault guard
 12554 | D:13     | Noticed a four-headed hydra
 12554 | D:13     | Noticed a vault guard
 12554 | D:13     | Noticed a vault guard
 12561 | D:13     | Killed a four-headed hydra
 12561 | D:13     | Killed a vault guard
 12563 | D:13     | Killed a vault guard
 12563 | D:13     | Killed a vault guard
 12566 | D:13     | Killed a vault guard
 13481 | D:10     | Got a faintly glowing mace
 13490 | D:10     | Identified the cursed +0 mace "Dakoriaxke" {crush, +Fly
                  | rN+++ Int+7} (You found it on level 10 of the Dungeon)
 13554 | D:14     | Noticed a tengu warrior
 13555 | D:14     | Noticed a centaur warrior
 13577 | D:14     | Killed a tengu warrior
 13577 | D:14     | Reached XP level 13. HP: 48/88 MP: 19/19
 13581 | D:14     | HP: 3/88 [large slime creature (14)]
 13582 | D:14     | Slain by a large slime creature

Skill      XL: |  1  2  3  4  5  6  7  8  9 10 11 12 |
---------------+-------------------------------------+-----
Maces & Flails | 4 5 7 8 10 12 14 | 14.8
Shields        | 1 4 |  4.1
Invocations    | 2 6 8 |  8.2
Fighting       | 8 11 13 | 13.5
Dodging        | |  2.4
Stealth        | |  2.1

Action                   |  1- 3 |  4- 6 |  7- 9 | 10-12 | 13-15 || total
-------------------------+-------+-------+-------+-------+-------++-------
Melee: Mace              |   119 |   159 |   223 |    17 |       ||   518
       Whip              |       |       |   200 |   267 |       ||   467
       Flail             |       |       |       |   146 |       ||   146
       Great mace        |       |       |       |   136 |     4 ||   140
Throw: Throwing net      |       |       |     2 |       |       ||     2
Evoke: Wand              |       |     1 |     3 |     2 |       ||     6
  Use: Potion            |       |       |     1 |     1 |       ||     2
       Scroll            |       |       |    16 |    18 |       ||    34
 Stab: Sleeping          |     1 |       |       |       |       ||     1
       Confused          |       |       |     1 |       |       ||     1
  Eat: Chunk             |     1 |     3 |    13 |    15 |       ||    32
       Ration            |       |     1 |     1 |     1 |       ||     3
Armor: Robe              |    35 |       |       |       |       ||    35
       Leather armour    |    19 |       |       |       |       ||    19
       Scale mail        |       |   102 |    20 |       |       ||   122
       Chain mail        |       |       |   160 |   242 |       ||   402
       Skin              |       |       |     3 |       |       ||     3
       Fire dragon scale |       |       |       |   110 |       ||   110
Dodge: Dodged            |   112 |   113 |    99 |   218 |     1 ||   543
Block: Buckler           |       |     2 |    80 |   132 |       ||   214
